 Dungeon Crawl Stone Soup version 0.29-a0-757-g358383bc75 (webtiles) character file.

Game seed: 11640049114351518030

17 gobodom the Firebug (level 2, -1/19 HPs)
             Began as a Demonspawn Fire Elementalist on July 1, 2022.
             Was a Believer of Yredelemnul.
             Slain by a kobold
             ... wielding a +0 short sword
              (4 damage)
             ... on level 1 of the Dungeon.
             The game lasted 00:03:27 (722 turns).

gobodom the Firebug (Demonspawn Fire Elementalist)   Turns: 722, Time: 00:03:27

Health: -1/19      AC:  2    Str:  8    XL:     2   Next: 44%
Magic:  5/5        EV: 16    Int: 16    God:    Yredelemnul [**....]
Gold:   24         SH:  0    Dex: 13    Spells: 4/5 levels left

rFire   . . .      SeeInvis .   (no weapon)
rCold   . . .      Faith    .   (no shield)
rNeg    . . .      Spirit   .   a - +0 robe
rPois   .          Reflect  .   (no helmet)
rElec   .          Harm     .   (no cloak)
rCorr   .          Rampage  .   (no gloves)
Will    .....                   (no boots)
Stlth   ++........              (no amulet)
HPRegen 0.06/turn               f - +4 ring of evasion
MPRegen 0.09/turn               (no ring)

@: no status effects
A: weakness stinger 1
a: Renounce Religion, Recall Undead Harvest, Dark Bargain


You were on level 1 of the Dungeon.
You worshipped Yredelemnul.
Yredelemnul was noncommittal.
You visited 1 branch of the dungeon, and saw 1 of its levels.

You collected 24 gold pieces.

Inventory:

Armour
 a - a +0 robe (worn)
Jewellery
 f - a +4 ring of evasion (left hand)
 g - an amulet of faith
Scrolls
 c - a scroll of amnesia {unknown}
 d - a scroll of blinking {unknown}
 e - a scroll of enchant weapon {unknown}
 h - a scroll of identify {unknown}
Potions
 b - a potion of magic


   Skills:
 + Level 1.9 Dodging
 + Level 1.8 Stealth
 + Level 2.1 Spellcasting
 + Level 1.1 Conjurations
 + Level 3.2 Fire Magic


You had 4 spell levels left.
You knew the following spells:

 Your Spells              Type           Power      Damage    Failure   Level
a - Foxfire               Conj/Fire      32%        2x1d5     9%          1

Your spell library contained the following spells:

 Spells                   Type           Power      Damage    Failure   Level
 Scorch                   Fire           24%        2d6       9%          2
 Necrotize                Necr           4%         1d4       21%         1
 Conjure Flame            Conj/Fire      8%         6-21      26%         3
 Inner Flame              Hex/Fire       6%         N/A       32%         3
 Flame Wave               Conj/Fire      8%         2d5       63%         4


Dungeon Overview and Level Annotations

Branches:
Dungeon (1/15)

Altars:
Yredelemnul

Shops:
D:1 *


Innate Abilities, Weirdness & Mutations

You have a small tail.


Message History

The goblin is severely wounded.
Your adder zombie barely misses the goblin.
The goblin misses you.
An endoplasm comes into view.
Your adder zombie bites the goblin.
The goblin dies!
You see here a +0 club.
Your goblin zombie hits the endoplasm but does no damage.
You hit the endoplasm but do no damage.
Your tail-slap misses the endoplasm.
The endoplasm freezes you.
You are frozen.
Your hobgoblin zombie barely misses the endoplasm.
You hit the endoplasm.
The endoplasm is lightly wounded.
Your goblin zombie hits the endoplasm but does no damage.
The endoplasm misses you.
A kobold comes into view. It is wielding a +0 short sword.
Your jackal zombie bites the endoplasm.
Your hobgoblin zombie hits the endoplasm.
The endoplasm dies!
The dead are walking!
You can now trade souls for undead servants.
Your ball python zombie barely misses the kobold.
Your ball python zombie grabs the kobold.
Your ball python zombie constricts the kobold.
You swap places.
Your ball python zombie loses its grip on the kobold.
Your jackal zombie bites the kobold.
The kobold misses you.
You hit the kobold but do no damage.
The kobold is moderately wounded.
Your jackal zombie closely misses the kobold.
The kobold hits you with a +0 short sword.
* * * LOW HITPOINT WARNING * * *
Your jackal zombie bites the kobold but does no damage.
You barely miss the kobold.
The kobold is moderately wounded.
Your giant cockroach zombie bites the kobold but does no damage.
The kobold hits you with a +0 short sword.
You die...
Your body rises from the dead as a mindless zombie.

#...... .#.....##
....... #.....### #
....... #. #....#
#.##ZZ..###
#.KZZ.....#
##.Z@ZZ....# #####
#...ZZ.....# ####....
#.......)).# #.......
#..........###.......
#....................
#....................
#...###..............
#... #.........#####
#.. #.........#


You could see a kobold (ally target), 2 friendly ball python zombies, a friendly
adder zombie, a friendly jackal zombie, a friendly endoplasm zombie, a friendly
giant cockroach zombie, a friendly goblin zombie, a friendly hobgoblin zombie
and a friendly kobold zombie.

Vanquished Creatures
  An endoplasm (D:1)
  A hobgoblin (D:1)
  A kobold (D:1)
  A ball python (D:1)
  3 bats (D:1)
  A goblin (D:1)
8 creatures vanquished.

Vanquished Creatures (collateral kills)
  A ball python (D:1)
  An endoplasm (D:1)
  2 goblins (D:1)
  A hobgoblin (D:1)
  A jackal (D:1)
  A frilled lizard (D:1)
  A rat (D:1)
8 creatures vanquished.

Vanquished Creatures (others)
  20 foxfires (D:1)
20 creatures vanquished.

Grand Total: 36 creatures vanquished

Notes
Turn   | Place    | Note
-------+----------+-------------------------------------------
     0 | D:1      | gobodom the Demonspawn Fire Elementalist began the quest
                  | for the Orb.
     0 | D:1      | Reached XP level 1. HP: 13/13 MP: 3/3
   115 | D:1      | Found a faded altar of an unknown god.
   125 | D:1      | Got Plato's Disquisition on Black Arts
   128 | D:1      | Prayed at the altar of an unknown god.
   128 | D:1      | Became a worshipper of Yredelemnul the Dark
   128 | D:1      | Reached * piety under Yredelemnul
   199 | D:1      | Reached skill level 3 in Fire Magic
   477 | D:1      | Found Xagiat's Assorted Antiques.
   486 | D:1      | Gained mutation: You have a small tail. [demonic ancestry]
   486 | D:1      | Reached XP level 2. HP: 16/19 MP: 5/5
   719 | D:1      | Reached ** piety under Yredelemnul
   722 | D:1      | Slain by a kobold

Illustrated notes

Levels and vault maps discovered:
D:1:      amcnicky_arrival_single_pillar, layout_basic,
          shapermc_ecumenical_altar_rom_forum, serial_shops,
          nicolae_shop_crystal, st_stairs_8

Skill      XL: |  1 |
---------------+----+-----
Fire Magic     | 3 |  3.2
Dodging        | |  1.9
Stealth        | |  1.8
Spellcasting   | |  2.1
Conjurations   | |  1.1

Action                   || total
-------------------------++-------
Melee: Unarmed           ||    30
       Tailslap          ||     1
 Cast: Foxfire           ||    12
Armor: Robe              ||     5
Dodge: Dodged            ||    29

Table legend: (Time is in decaauts)
 A = Elapsed time spent in this place.
 B = Non-inter-level travel time spent in this place.
 C = Inter-level travel time spent in this place.
 D = Time resting spent in this place.
 E = Time spent auto-exploring this place.
 F = Levels seen in this place.
 G = Mean time per level.
                   A        B        C        D        E       F      G
               +--------+--------+--------+--------+--------+-----+--------+
         Total |    721 |    721 |      0 |      0 |    585 |   1 |  721.0 |
       Dungeon |    721 |    721 |      0 |      0 |    585 |   1 |  721.0 |
               +--------+--------+--------+--------+--------+-----+--------+

Top non-repeatable levels by time:
     D:1: 721 daAuts
